 Dungeon Crawl Stone Soup version 0.29.1-13-g9f3cf754e1 (webtiles) character file.

Game seed: 10093262076019771376

606 sankara the Chopper (level 7, -2/61 HPs)
             Began as a Hill Orc Fighter on Feb 2, 2023.
             Slain by a gnoll
             ... wielding a +1 spear of venom
             ... led by a gnoll bouda
              (3 damage)
             ... on level 4 of the Dungeon.
             The game lasted 00:05:13 (3812 turns).

sankara the Chopper (Hill Orc Fighter)              Turns: 3812, Time: 00:05:14

Health: -2/61      AC: 12    Str: 19    XL:     7   Next: 42%
Magic:  7/7        EV:  7    Int:  8    God:
Gold:   234        SH:  5    Dex: 12    Spells: 6/6 levels left

rFire   + . .      SeeInvis .   a - +0 war axe
rCold   . . .      Faith    .   c - +0 buckler
rNeg    . . .      Spirit   .   r - +0 chain mail
rPois   .          Reflect  .   (no helmet)
rElec   .          Harm     .   (no cloak)
rCorr   .          Rampage  .   u - +1 pair of gloves
Will    .....                   (no boots)
Stlth   ..........              (no amulet)
HPRegen 0.20/turn               p - ring of protection from fire
MPRegen 0.10/turn               (no ring)

@: brilliant, lethally poisoned (-2 -> -21)
A: no striking features
a: no special abilities


You were on level 4 of the Dungeon.
You visited 1 branch of the dungeon, and saw 4 of its levels.

You collected 234 gold pieces.

Inventory:

Hand Weapons
 a - a +0 war axe (weapon)
Missiles
 t - 4 poisoned darts (quivered)
Armour
 c - a +0 buckler (worn)
 k - a scarf of harm
 r - a +0 chain mail (worn)
 u - a +1 pair of gloves (worn)
Jewellery
 p - a ring of protection from fire (left hand)
Wands
 x - a wand of charming (10)
Scrolls
 f - 2 scrolls of teleportation {unknown}
 g - 2 scrolls of immolation {unknown}
 i - a scroll of torment {unknown}
 j - 6 scrolls of identify {unknown}
 m - a scroll of vulnerability {unknown}
 o - a scroll of poison {unknown}
 s - a scroll of amnesia {unknown}
 v - a scroll of brand weapon {unknown}
 w - a scroll of enchant armour {unknown}
Potions
 d - 3 potions of might
 h - a potion of attraction {unknown}
 l - a potion of haste {unknown}
 n - a potion of magic {unknown}
 q - a potion of degeneration {unknown}


   Skills:
 + Level 5.5 Fighting
 * Level 7.0 Axes
 + Level 5.0 Armour
 - Level 5.0 Shields


You had 6 spell levels left.
You didn't know any spells.
Your spell library contained the following spells:

 Spells                   Type           Power      Damage    Failure   Level
 Freeze                   Ice            0%         1d3       99%         1
 Frozen Ramparts          Ice            0%         1d1       100%        3
 Hailstorm                Conj/Ice       0%         3d3       100%        4
 Iskenderun's Battlesphe  Conj           0%         2d6       100%        5
 Iron Shot                Conj/Erth      0%         9d1       100%        6
 Spellforged Servitor     Conj/Summ      0%         N/A       100%        7


Dungeon Overview and Level Annotations

Branches:
Dungeon (4/15)
 Temple: D:4-7

Altars:
Yredelemnul


Message History

The gnoll is almost dead.
You feel very sick. The gnoll hits you with a +0 spear.
The gnoll hits you but does no damage.
You are more poisoned.
The gnoll closely misses you.
You closely miss the gnoll.
The gnoll is almost dead.
You feel very sick. The gnoll hits you but does no damage.
You are lethally poisoned!
You block the gnoll's attack. The gnoll hits you but does no damage.
You are more poisoned.
It was a potion of curing.
You feel better. The gnoll hits you but does no damage.
The gnoll hits you from afar with a +1 spear of venom.
You hit the gnoll.
You kill the gnoll!
You block the gnoll's attack.
Your Axes skill increases to level 7!
The gnoll hits you with a +1 spear of venom.
You are poisoned.
Things that are here:
a +0 spear; a gnoll corpse You hit the gnoll but do no damage.
You feel very sick.
The gnoll hits you with a +1 spear of venom.
* * * LOW HITPOINT WARNING * * *
You are lethally poisoned!
You hit the gnoll but do no damage.
* * * LOW HITPOINT WARNING * * *
You feel very sick.
The gnoll hits you with a +1 spear of venom.
* * * LOW HITPOINT WARNING * * *
You are more poisoned.
It was a potion of brilliance.
You feel clever all of a sudden.
* * * LOW HITPOINT WARNING * * *
You feel very sick.
The gnoll hits you with a +1 spear of venom.
You die...

#######.###.#
####### #g# #......
#.# #######.###.#
#.###............#.#
#..................#
#g############.#....
#.# ##### ##†#####
#.#####...# #..#
#gg@))....# #>##
#######...# #.#
##.## #.# #.# #.#
#.####.## #..†....#
######..# #..# #..#


You could see 2 gnolls.

Vanquished Creatures
  Sigmund (D:2)
  An ogre (D:3)
  A howler monkey (D:4)
  An orc priest (D:4)
  Jessica (D:2)
  Natasha (thrice) (D:2)
  A gnoll bouda (D:4)
  An orc wizard (D:4)
  2 gnolls (D:4)
  6 adders
  2 worms
  2 dart slugs
  4 orcs
  9 endoplasms
  3 giant cockroaches
  4 goblins
  5 hobgoblins
  9 jackals
  6 ball pythons
  5 bats
  A frilled lizard (D:3)
  5 kobolds
  6 rats
  A spectral orc (D:3)
80 creatures vanquished.

Notes
Turn   | Place    | Note
-------+----------+-------------------------------------------
     0 | D:1      | sankara the Hill Orc Fighter began the quest for the Orb.
     0 | D:1      | Reached XP level 1. HP: 19/19 MP: 1/1
   211 | D:1      | Reached skill level 3 in Axes
   387 | D:1      | Reached XP level 2. HP: 24/27 MP: 2/2
  1156 | D:2      | Reached XP level 3. HP: 33/33 MP: 3/3
  1178 | D:2      | Noticed Natasha
  1186 | D:2      | Killed Natasha
  1187 | D:2      | Reached skill level 4 in Axes
  1377 | D:2      | Reached XP level 4. HP: 39/40 MP: 4/4
  1640 | D:2      | Noticed Natasha
  1651 | D:2      | Killed Natasha
  1734 | D:2      | Noticed Natasha
  1751 | D:2      | Killed Natasha
  1752 | D:2      | Reached XP level 5. HP: 47/47 MP: 5/5
  1804 | D:2      | Noticed Jessica
  1809 | D:2      | Killed Jessica
  1810 | D:2      | Reached skill level 5 in Axes
  1875 | D:2      | Noticed Sigmund
  1899 | D:2      | Killed Sigmund
  1900 | D:2      | Reached skill level 5 in Fighting
  1900 | D:2      | Reached XP level 6. HP: 40/56 MP: 6/6
  2176 | D:2      | Reached skill level 6 in Axes
  2919 | D:3      | Found a basalt altar of Yredelemnul.
  3103 | D:3      | Reached XP level 7. HP: 11/61 MP: 7/7
  3799 | D:4      | Reached skill level 5 in Armour
  3803 | D:4      | Reached skill level 5 in Shields
  3809 | D:4      | Reached skill level 7 in Axes
  3812 | D:4      | HP: 1/61 [poisoned by a gnoll]
  3812 | D:4      | Slain by a gnoll

Illustrated notes

Levels and vault maps discovered:
D:1:      dpeg_arrival_rooms_a, layout_basic
D:2:      layout_loops_ring, ebering_dispersal_statue_hall, minmay_nonomino_d4,
          uniq_natasha, uniq_sigmund, uniq_jessica
D:3:      layout_loops_ring, yredelemnul_forgotten_temple_becter,
          minmay_randomly_rotated_circles
D:4:      layout_loops_ring

Skill      XL: |  1  2  3  4  5  6  7 |
---------------+----------------------+-----
Axes           | 3 4 5 6 7 |  7.0
Fighting       | 4 5 |  5.5
Armour         | 4 5 |  5.0
Shields        | 4 5 |  5.0

Action                   |  1- 3 |  4- 6 |  7- 9 || total
-------------------------+-------+-------+-------++-------
Melee: War axe           |    71 |   133 |    66 ||   270
  Use: Potion            |       |     1 |     2 ||     3
Armor: Scale mail        |    46 |    51 |       ||    97
       Chain mail        |       |    15 |    53 ||    68
Dodge: Dodged            |    42 |    64 |    32 ||   138
Block: Buckler           |    23 |    34 |    14 ||    71
